Map: King of Braxis Station

Players

MrFercho

  • Race: Protoss Protoss
  • Spawn Location: 5:00

tigro

  • Race: Terran Terran
  • Spawn Location: 7:00

TATORREA

  • Race: Protoss Protoss
  • Spawn Location: 3:00

VOD

Have the link to the VOD?

Description

Time

  • Played on: April 16, 2020, 10:44 p.m.
  • Length: 90:44
Show
View Real Time Build Order
Export as new Build Order

MrFercho Protoss 

Build Orders:  

Get SALT Encoding   

  12  0:04  Probe  
  13  0:25  Probe (Chrono Boost)  
  14  0:29  Assimilator  
  14  0:42  Probe  
  15  0:55  Pylon  
  15  1:11  Pylon  
  15  1:14  Probe  
  15  1:16  Pylon  
  16  1:18  Pylon  
  16  1:26  Probe (Chrono Boost)  
  16  1:29  Assimilator  
  17  1:38  Probe (Chrono Boost)  
  18  1:43  Gateway  
  18  1:45  Probe (Chrono Boost)  
  19  1:52  Probe  
  20  2:04  Probe  
  21  2:16  Probe (Chrono Boost)  
  22  2:24  Forge  
  22  2:26  Probe (Chrono Boost)  
  23  2:31  Probe (Chrono Boost)  
  24  2:42  Probe  
  25  2:55  Probe, Zealot  
  28  3:07  Probe  
  28  3:18  Nexus  
  28  3:19  Probe  
  29  3:27  Assimilator  
  29  3:31  Assimilator, Probe  
  30  3:38  Pylon  
  30  3:42  Pylon  
  30  3:45  Zealot  
  30  3:48  Protoss Shields Level 1  
  32  4:02  Cybernetics Core  
  31  4:37  Pylon, Probe (Chrono Boost)  
  32  4:39  Pylon  
  32  4:41  Pylon  
  32  4:48  Probe (Chrono Boost)  
  32  4:52  Probe (Chrono Boost)  
  34  5:03  Probe  
  35  5:09  Protoss Air Armor Level 1  
  35  5:15  Probe  
  35  5:18  Probe  
  37  5:22  Pylon  
  37  5:25  Pylon  
  37  5:29  Pylon  
  37  5:30  Probe  
  37  5:33  Pylon  
  38  5:39  Probe (Chrono Boost)  
  38  5:42  Probe (Chrono Boost)  
  41  5:51  Probe (Chrono Boost)  
  41  5:53  Probe (Chrono Boost)  
  41  5:56  Sentry, Probe (Chrono Boost)  
  44  5:57  Probe (Chrono Boost)  
  46  6:04  Probe  
  46  6:08  Probe  
  48  6:16  Probe  
  49  6:31  Stargate  
  49  6:32  Stargate  
  48  6:35  Stargate  
  48  6:37  Stargate  
  48  6:40  Stargate  
  48  6:47  Probe (Chrono Boost)  
  49  6:58  Probe (Chrono Boost)  
  49  6:59  Probe (Chrono Boost)  
  51  7:03  Probe (Chrono Boost)  
  51  7:04  Probe (Chrono Boost)  
  53  7:09  Twilight Council  
  53  7:13  Probe  
  53  7:14  Robotics Facility, Probe  
  55  7:18  Protoss Air Weapons Level 1  
  55  7:26  Probe x2  
  57  7:32  Nexus  
  57  7:36  Assimilator  
  57  7:38  Probe  
  57  7:40  Assimilator  
  58  7:46  Void Ray (Chrono Boost)  
  58  7:47  Pylon  
  58  7:48  Void Ray (Chrono Boost)  
  58  7:50  Pylon  
  66  7:57  Photon Cannon  
  64  8:01  Photon Cannon  
  59  8:07  Probe  
  61  8:20  Probe  
  61  8:32  Probe  
  53  8:52  Void Ray (Chrono Boost)  
  63  8:56  Void Ray x3 (Chrono Boost)  
  63  8:57  Void Ray (Chrono Boost)  
  36  9:12  Warp Gate  
  36  9:13  Pylon  
  36  9:14  Pylon x2  
  36  9:18  Shield Battery x2  
  40  9:38  Void Ray (Chrono Boost)  
  36  10:30  Probe  
  37  10:42  Gateway, Probe  
  38  10:46  Forge  
  38  10:54  Probe  
  39  11:01  Probe  
  40  11:07  Probe  
  41  11:13  Probe  
  42  11:19  Probe  
  42  11:22  Stargate x2  
  42  11:23  Stargate  
  42  11:25  Probe  
  44  11:37  Probe  
  46  11:49  Probe  
  31  12:29  Void Ray x2 (Chrono Boost)  
  39  12:39  Void Ray (Chrono Boost)  
  39  12:47  Probe  
  39  12:59  Probe  
  39  13:05  Void Ray x2  
  48  13:11  Probe  
  49  13:23  Photon Cannon, Probe (Chrono Boost)  
  49  13:24  Photon Cannon  
  49  13:25  Photon Cannon  
  50  13:27  Photon Cannon  
  51  13:35  Probe (Chrono Boost)  
  51  13:40  Probe (Chrono Boost)  
  51  13:47  Pylon  
  51  13:50  Pylon, Probe  
  51  13:54  Pylon  
  52  13:57  Pylon  
  52  14:02  Probe  
  53  14:12  Fleet Beacon  
  53  14:28  Nexus  
  53  14:33  Unknown  
  53  14:38  Unknown  
  53  14:42  Unknown  
  53  14:46  Unknown  
  53  14:51  Pylon  
  53  14:54  Pylon  
  49  15:22  Photon Cannon  
  49  15:24  Photon Cannon  
  49  15:25  Phoenix x3  
  49  15:27  Photon Cannon  
  55  15:46  Photon Cannon  
  55  15:48  Probe  
  56  15:50  Void Ray x2  
  56  15:55  Probe  
  65  16:00  Probe  
  66  16:07  Probe  
  67  16:12  Probe  
  66  16:19  Probe  
  66  16:24  Probe  
  68  16:31  Void Ray, Probe  
  73  16:33  Void Ray x2  
  73  16:36  Probe  
  82  16:43  Probe  
  79  16:57  Pylon  
  79  17:01  Probe  
  80  17:06  Probe  
  81  17:13  Probe  
  83  17:15  Probe  
  83  17:18  Probe  
  84  17:25  Probe  
  84  17:27  Probe  
  86  17:30  Probe  
  87  17:37  Probe  
  87  17:39  Fleet Beacon  
  87  17:40  Probe  
  87  17:42  Probe  
  90  17:49  Photon Cannon x2, Probe  
  91  17:52  Photon Cannon, Probe  
  91  17:54  Probe  
  91  17:56  Photon Cannon  
  93  17:58  Photon Cannon  
  93  18:01  Photon Cannon  
  93  18:04  Probe  
  94  18:24  Photon Cannon  
  94  18:25  Photon Cannon  
  94  18:27  Photon Cannon  
  94  18:28  Photon Cannon  
  94  18:30  Photon Cannon  
  94  18:32  Photon Cannon  
  94  18:34  Photon Cannon  
  94  18:37  Photon Cannon, Unknown  
  94  18:41  Photon Cannon  
  94  18:43  Photon Cannon  
  94  18:48  Probe  
  95  18:49  Photon Cannon  
  95  18:50  Photon Cannon, Probe  
  95  18:53  Photon Cannon  
  96  18:55  Probe  
  96  18:56  Photon Cannon  
  96  18:57  Photon Cannon  
  96  19:00  Probe (Chrono Boost)  
  99  19:02  Photon Cannon  
  99  19:03  Probe (Chrono Boost)  
  99  19:05  Photon Cannon  
  99  19:07  Photon Cannon  
  100  19:10  Photon Cannon  
  100  19:12  Probe x2 (Chrono Boost)  
  100  19:16  Probe (Chrono Boost)  
  102  19:20  Probe (Chrono Boost)  
  102  19:21  Probe (Chrono Boost)  
  102  19:22  Probe (Chrono Boost)  
  105  19:26  Probe  
  105  19:28  Probe  
  107  19:32  Forge, Probe  
  107  19:34  Anion Pulse-Crystals  
  108  19:39  Cybernetics Core  
  108  19:44  Probe  
  109  19:49  Pylon  
  109  19:52  Pylon  
  109  19:57  Pylon  
  109  20:05  Pylon  
  96  20:22  Void Ray  
  96  20:23  Void Ray x2  
  90  21:05  Void Ray x2  
  90  21:06  Void Ray  
  102  21:18  Pylon  
  102  21:20  Pylon  
  102  21:24  Pylon  
  102  21:27  Pylon  
  102  21:48  Void Ray x3  
  102  21:51  Shield Battery  
  114  21:54  Pylon  
  114  22:01  Photon Cannon  
  114  22:03  Photon Cannon  
  114  22:04  Photon Cannon  
  114  22:06  Photon Cannon  
  114  22:08  Photon Cannon  
  114  22:11  Photon Cannon  
  114  22:13  Photon Cannon  
  114  22:15  Photon Cannon  
  114  22:16  Photon Cannon  
  114  22:17  Photon Cannon  
  114  22:19  Photon Cannon  
  114  22:21  Photon Cannon  
  114  22:25  Photon Cannon  
  114  22:28  Photon Cannon  
  114  22:30  Photon Cannon  
  114  22:31  Void Ray x2  
  114  22:32  Photon Cannon  
  122  22:37  Protoss Ground Weapons Level 1  
  122  22:39  Stargate  
  122  22:40  Stargate  
  122  22:44  Stargate  
  122  22:56  Robotics Facility  
  122  23:24  Void Ray x5  
  142  23:45  Probe  
  142  23:47  Probe  
  144  23:50  Probe  
  145  23:57  Probe  
  145  23:59  Probe  
  145  24:02  Probe  
  148  24:06  Void Ray  
  148  24:07  Void Ray x4, Observer  
  148  24:09  Probe  
  170  24:11  Probe  
  170  24:14  Probe  
  172  24:21  Probe  
  172  24:22  Twilight Council  
  172  24:23  Probe  
  174  24:26  Probe  
  174  24:29  Robotics Bay, Observer  
  176  24:33  Probe  
  176  24:35  Robotics Bay, Probe  
  178  24:38  Probe  
  179  24:46  Protoss Ground Armor Level 1  
  179  24:56  Pylon  
  179  24:58  Pylon  
  179  25:01  Pylon  
  179  25:25  Gravitic Boosters  
  179  25:36  Extended Thermal Lance  
  179  25:46  Templar Archives  
  179  25:49  Dark Shrine  
  179  25:59  Disruptor  
  182  26:10  Protoss Ground Weapons Level 2  
  182  26:22  Gravitic Drive  
  182  26:24  Photon Cannon  
  182  26:25  Photon Cannon x2  
  182  26:28  Photon Cannon x2  
  182  26:30  Photon Cannon  
  182  26:32  Photon Cannon  
  182  26:33  Photon Cannon  
  182  26:35  Photon Cannon  
  182  26:37  Photon Cannon  
  182  26:38  Photon Cannon  
  182  26:40  Photon Cannon  
  182  26:41  Photon Cannon  
  182  26:42  Psionic Storm  
  182  26:43  Photon Cannon  
  182  26:45  Photon Cannon  
  182  26:48  Photon Cannon  
  182  26:49  Photon Cannon  
  182  26:51  Photon Cannon  
  182  26:54  Protoss Shields Level 2, Photon Cannon  
  182  27:20  Void Ray  
  182  27:21  Void Ray x3  
  153  28:04  Void Ray x3 (Chrono Boost)  
  149  28:05  Void Ray (Chrono Boost)  
  149  28:06  Void Ray x2 (Chrono Boost)  
  109  28:38  Void Ray x3 (Chrono Boost)  
  109  28:39  Void Ray x3 (Chrono Boost)  
  106  29:17  Void Ray  
  106  29:18  Void Ray  
  106  29:19  Void Ray x4  
  76  30:00  Void Ray  
  76  30:01  Void Ray x2  
  76  30:02  Void Ray x3  
  95  30:25  Pylon  
  95  30:27  Pylon  
  95  30:29  Pylon  
  95  30:33  Pylon  
  95  30:43  Void Ray  
  95  30:44  Void Ray  
  95  30:48  Probe (Chrono Boost)  
  104  31:00  Probe (Chrono Boost)  
  104  31:01  Probe (Chrono Boost)  
  102  31:08  Probe (Chrono Boost)  
  102  31:09  Probe (Chrono Boost)  
  103  31:14  Probe (Chrono Boost)  
  103  31:15  Probe (Chrono Boost)  
  105  31:25  Probe  
  106  31:27  Probe  
  106  31:29  Pylon  
  106  31:31  Pylon  
  107  31:34  Pylon  
  107  31:36  Pylon  
  107  31:37  Probe  
  107  31:39  Pylon  
  108  31:42  Pylon  
  108  31:45  Pylon  
  108  31:47  Pylon, Nexus  
  108  31:48  Assimilator  
  108  31:51  Assimilator  
  108  31:53  Pylon  
  108  31:54  Pylon  
  108  31:55  Pylon  
  108  31:56  Pylon  
  108  32:01  Pylon  
  108  32:04  Pylon  
  108  32:05  Pylon  
  108  32:06  Pylon  
  108  32:08  Pylon  
  108  32:10  Pylon x2  
  108  32:13  Pylon x2  
  105  32:17  Pylon  
  105  32:18  Pylon  
  105  32:20  Pylon  
  104  32:22  Pylon  
  104  32:23  Pylon  
  104  32:25  Pylon  
  104  32:26  Pylon  
  104  32:27  Pylon  
  104  32:29  Pylon  
  104  32:30  Pylon  
  104  32:32  Pylon  
  104  32:33  Pylon  
  104  32:34  Pylon  
  104  32:36  Pylon  
  104  32:38  Pylon  
  104  32:40  Pylon  
  104  32:42  Pylon x2  
  104  32:45  Pylon  
  104  32:47  Pylon  
  104  32:49  Pylon  
  104  33:14  Photon Cannon x2  
  104  33:16  Photon Cannon  
  95  33:45  Photon Cannon  
  95  33:47  Photon Cannon  
  91  33:48  Photon Cannon  
  91  33:50  Photon Cannon  
  91  33:51  Photon Cannon  
  91  33:53  Photon Cannon  
  67  33:55  Photon Cannon  
  67  33:56  Void Ray x3, Photon Cannon  
  67  33:57  Void Ray x2  
  67  33:58  Photon Cannon  
  67  34:02  Photon Cannon  
  71  34:03  Photon Cannon  
  70  34:37  Stargate x2  
  78  34:55  Photon Cannon  
  78  34:56  Photon Cannon x2  
  78  34:59  Photon Cannon  
  71  35:08  Photon Cannon x2  
  71  35:12  Photon Cannon  
  71  35:13  Photon Cannon  
  67  35:16  Photon Cannon x2  
  67  35:18  Photon Cannon  
  67  35:20  Photon Cannon  
  67  35:21  Photon Cannon  
  67  35:23  Photon Cannon  
  67  35:25  Photon Cannon  
  67  35:26  Photon Cannon  
  67  35:27  Photon Cannon  
  47  36:05  Pylon  
  47  36:09  Pylon x2  
  47  36:12  Pylon x2  
  47  36:25  Pylon  
  47  36:28  Pylon  
  47  36:31  Pylon  
  44  36:35  Pylon  
  41  36:54  Photon Cannon  
  41  36:56  Photon Cannon  
  41  36:58  Photon Cannon  
  40  37:24  Pylon  
  40  37:25  Pylon  
  40  37:27  Pylon x2  
  39  37:49  Photon Cannon  
  39  37:51  Photon Cannon  
  39  37:52  Photon Cannon  
  39  37:53  Photon Cannon  
  39  37:54  Photon Cannon  
  39  37:55  Photon Cannon  
  39  37:56  Photon Cannon  
  39  37:57  Photon Cannon  
  39  37:58  Photon Cannon  
  38  38:00  Photon Cannon x3  
  38  38:02  Photon Cannon  
  38  38:03  Photon Cannon  
  38  38:04  Photon Cannon  
  38  38:05  Photon Cannon  
  38  38:06  Photon Cannon x3  
  38  38:07  Photon Cannon  
  38  38:11  Photon Cannon  
  38  38:14  Photon Cannon  
  38  38:15  Photon Cannon x2  
  38  38:17  Photon Cannon  
  38  38:18  Photon Cannon  
  38  38:19  Photon Cannon  
  38  38:20  Photon Cannon x2  
  38  38:21  Photon Cannon  
  38  38:23  Photon Cannon  
  38  38:24  Photon Cannon  
  38  38:25  Photon Cannon  
  38  38:27  Photon Cannon  
  38  38:28  Photon Cannon  
  38  38:31  Photon Cannon x2  
  38  38:32  Photon Cannon  
  38  38:33  Photon Cannon  
  36  38:34  Photon Cannon  
  36  38:36  Photon Cannon  
  36  38:37  Photon Cannon x5  
  36  38:40  Photon Cannon  
  36  38:43  Photon Cannon  
  36  38:44  Pylon  
  36  38:50  Pylon  
  36  38:55  Pylon  
  35  39:32  Stargate  
  35  39:35  Stargate x2  
  35  39:36  Photon Cannon, Stargate  
  35  39:38  Photon Cannon, Stargate  
  35  39:39  Photon Cannon, Stargate  
  35  39:40  Photon Cannon  
  35  39:41  Photon Cannon  
  35  39:43  Photon Cannon  
  35  39:45  Photon Cannon x2  
  35  39:46  Photon Cannon  
  35  39:49  Photon Cannon  
  35  39:50  Photon Cannon x2  
  35  39:51  Void Ray  
  39  40:14  Probe  
  40  40:26  Probe  
  41  40:38  Probe  
  41  40:51  Probe  
  42  41:03  Probe  
  43  41:09  Pylon  
  43  41:11  Pylon  
  43  41:13  Pylon  
  43  41:14  Pylon  
  43  41:28  Nexus  
  43  41:35  Unknown  
  43  41:39  Unknown  
  42  42:03  Void Ray x2  
  50  42:24  Probe  
  51  42:36  Probe  
  52  42:50  Probe (Chrono Boost)  
  53  42:52  Probe (Chrono Boost)  
  54  43:03  Probe (Chrono Boost)  
  54  43:04  Probe (Chrono Boost)  
  56  43:07  Probe (Chrono Boost)  
  56  43:12  Probe  
  58  43:13  Probe  
  59  43:22  Probe  
  60  43:34  Probe  
  60  43:36  Probe  
  62  43:47  Probe  
  62  43:48  Probe  
  64  43:59  Probe  
  64  44:00  Probe  
  66  44:08  Void Ray  
  66  44:09  Void Ray x6  
  94  44:11  Probe  
  94  44:12  Probe  
  96  44:23  Probe (Chrono Boost)  
  97  44:29  Probe (Chrono Boost)  
  98  44:34  Probe (Chrono Boost)  
  100  44:38  Probe x2 (Chrono Boost)  
  101  44:46  Void Ray  
  101  44:47  Probe  
  101  44:48  Probe  
  101  44:51  Void Ray  
  101  44:52  Void Ray x2  
  119  45:01  Probe  
  119  45:03  Protoss Shields Level 3  
  120  45:36  Void Ray  
  120  45:37  Void Ray x6  
  148  45:46  Probe  
  115  47:51  Void Ray  
  115  47:52  Void Ray x7  
  87  48:34  Void Ray x4  
  83  49:16  Nexus  
  83  49:21  Unknown  
  83  49:25  Unknown  
  83  49:36  Pylon  
  83  49:41  Pylon  
  83  49:44  Pylon  
  83  49:48  Pylon  
  83  50:17  Probe (Chrono Boost)  
  84  50:28  Probe (Chrono Boost)  
  85  50:31  Probe (Chrono Boost)  
  85  50:32  Probe (Chrono Boost)  
  87  50:40  Photon Cannon  
  87  50:41  Photon Cannon, Probe  
  87  50:42  Photon Cannon x2, Probe  
  89  50:47  Photon Cannon  
  89  50:49  Photon Cannon  
  89  50:50  Photon Cannon x2  
  89  50:52  Photon Cannon  
  89  50:54  Probe x2  
  91  50:59  Photon Cannon  
  91  51:00  Photon Cannon  
  91  51:01  Photon Cannon  
  91  51:06  Probe  
  91  51:11  Pylon  
  92  51:13  Pylon  
  92  51:18  Probe  
  93  51:31  Photon Cannon  
  93  51:32  Photon Cannon  
  93  51:35  Photon Cannon x2  
  93  51:41  Probe  
  93  51:46  Probe  
  95  51:53  Probe  
  96  51:58  Probe  
  97  52:05  Probe  
  98  52:17  Probe  
  99  52:46  Pylon  
  99  52:53  Probe  
  99  52:54  Pylon  
  100  52:59  Void Ray x5  
  100  53:05  Probe  
  121  53:17  Probe  
  122  53:29  Probe  
  123  53:41  Probe  
  124  54:17  Void Ray x7  
  124  54:18  Void Ray  
  124  54:23  Probe  
  157  54:36  Probe  
  158  54:48  Probe  
  91  55:00  Probe  
  92  55:08  Void Ray x3  
  92  55:09  Void Ray x2  
  92  55:12  Probe  
  113  55:24  Probe  
  114  55:36  Probe  
  115  55:48  Probe  
  116  55:52  Nexus  
  116  55:58  Photon Cannon  
  116  56:00  Probe  
  116  56:12  Probe  
  117  56:23  Pylon  
  116  56:42  Pylon  
  116  56:45  Pylon  
  114  56:50  Probe  
  115  57:02  Probe  
  116  57:14  Photon Cannon  
  116  57:15  Probe  
  115  57:16  Photon Cannon  
  102  57:27  Probe  
  103  57:34  Void Ray x2  
  103  57:35  Void Ray  
  122  57:39  Probe  
  118  58:00  Probe  
  119  58:12  Probe  
  107  58:24  Probe  
  100  58:37  Probe  
  93  58:49  Probe  
  94  59:08  Pylon  
  94  59:11  Pylon  
  94  59:12  Probe  
  94  59:14  Pylon  
  95  59:17  Pylon  
  95  59:21  Pylon  
  95  59:24  Pylon, Probe  
  95  59:28  Pylon  
  96  59:36  Probe  
  97  59:48  Probe  
  98  60:00  Probe  
  99  60:47  Stargate x2  
  99  60:48  Stargate  
  99  60:52  Stargate x2  
  99  60:55  Stargate  
  95  60:58  Stargate  
  95  61:00  Stargate  
  95  61:02  Stargate  
  79  61:04  Stargate  
  59  61:45  Probe  
  60  61:57  Probe  
  61  62:04  Unknown  
  61  62:09  Probe x2, Unknown  
  61  62:11  Assimilator  
  63  62:21  Probe x2  
  65  62:23  Pylon  
  65  62:26  Pylon  
  65  62:29  Pylon  
  65  62:32  Pylon  
  65  62:33  Probe  
  65  62:34  Probe  
  65  62:36  Pylon  
  67  62:39  Pylon  
  67  62:40  Void Ray  
  67  62:43  Pylon  
  67  62:46  Probe  
  67  62:47  Pylon  
  68  62:58  Probe  
  69  63:10  Probe  
  70  63:13  Forge  
  70  63:22  Probe  
  70  63:23  Void Ray  
  70  63:26  Cybernetics Core  
  75  63:28  Cybernetics Core  
  75  63:32  Protoss Air Weapons Level 2  
  75  63:46  Phoenix x9  
  75  63:47  Phoenix x2  
  97  64:01  Probe  
  98  64:11  Phoenix x11  
  98  64:13  Probe (Chrono Boost)  
  98  64:16  Probe (Chrono Boost)  
  123  64:25  Probe (Chrono Boost)  
  123  64:30  Probe (Chrono Boost)  
  123  64:31  Probe (Chrono Boost)  
  124  64:36  Phoenix x11  
  124  64:37  Probe  
  148  64:39  Probe  
  149  64:49  Probe  
  149  64:51  Probe  
  151  65:06  Probe  
  152  65:15  Photon Cannon x2  
  152  65:17  Photon Cannon  
  152  65:18  Probe  
  152  65:19  Photon Cannon  
  152  65:20  Photon Cannon  
  152  65:22  Photon Cannon  
  152  65:25  Photon Cannon  
  152  65:26  Photon Cannon  
  152  65:27  Probe  
  153  65:30  Probe  
  154  65:40  Probe  
  155  65:43  Probe  
  156  65:52  Probe  
  156  65:55  Probe  
  158  65:59  Pylon  
  158  66:01  Pylon  
  158  66:04  Probe  
  159  66:05  Pylon  
  159  66:07  Pylon  
  159  66:16  Probe  
  160  66:24  Protoss Ground Weapons Level 3  
  160  66:33  Photon Cannon  
  160  66:34  Photon Cannon  
  160  66:37  Photon Cannon x2  
  160  66:39  Protoss Air Armor Level 2, Photon Cannon  
  160  66:40  Photon Cannon  
  160  66:43  Protoss Air Weapons Level 3  
  160  66:47  Photon Cannon x2  
  160  66:50  Photon Cannon  
  160  66:51  Photon Cannon  
  160  66:52  Photon Cannon x2  
  160  66:53  Photon Cannon  
  160  66:56  Photon Cannon  
  160  66:57  Photon Cannon x2  
  160  66:59  Photon Cannon  
  160  67:01  Photon Cannon x2  
  160  67:03  Photon Cannon  
  160  67:05  Photon Cannon  
  160  67:08  Photon Cannon  
  160  67:09  Photon Cannon  
  121  68:32  Phoenix (Chrono Boost)  
  121  68:33  Phoenix x3 (Chrono Boost)  
  132  68:39  Phoenix x6 (Chrono Boost)  
  132  68:40  Phoenix (Chrono Boost)  
  119  68:52  Phoenix x4 (Chrono Boost)  
  119  68:57  Phoenix x6  
  136  69:11  Phoenix  
  136  69:12  Phoenix x3  
  123  69:22  Phoenix x5  
  113  69:36  Phoenix  
  113  69:37  Phoenix  
  78  69:47  Phoenix x3  
  42  70:50  Stargate  
  42  70:51  Stargate  
  42  70:52  Stargate x2  
  42  70:56  Stargate  
  42  70:57  Stargate  
  42  71:01  Fleet Beacon  
  21  71:57  Nexus  
  21  71:58  Pylon  
  21  71:59  Assimilator  
  21  72:00  Assimilator  
  21  72:01  Pylon  
  21  72:02  Pylon x3  
  21  72:03  Pylon  
  21  72:04  Pylon x2  
  21  72:11  Nexus  
  21  72:12  Assimilator x2  
  21  72:19  Pylon  
  21  72:20  Pylon x2  
  21  72:21  Pylon  
  21  72:22  Pylon  
  21  72:23  Pylon  
  21  72:26  Pylon  
  21  72:28  Pylon x2  
  21  73:11  Probe  
  22  73:15  Nexus  
  22  73:16  Assimilator  
  22  73:17  Assimilator  
  22  73:23  Probe  
  22  73:24  Probe  
  24  73:32  Nexus  
  24  73:35  Probe  
  24  73:36  Assimilator, Probe  
  24  73:38  Assimilator  
  24  73:41  Pylon  
  26  73:44  Pylon  
  26  73:47  Pylon, Probe  
  26  73:48  Probe  
  28  73:52  Pylon  
  28  74:00  Probe x2  
  30  74:08  Forge  
  30  74:12  Probe x2  
  32  74:24  Gateway, Probe x2  
  34  74:36  Probe  
  35  74:42  Probe  
  36  74:53  Probe  
  36  74:54  Probe  
  38  75:05  Probe  
  38  75:06  Probe  
  40  75:17  Probe  
  40  75:18  Probe  
  42  75:26  Probe, Cybernetics Core  
  42  75:27  Cybernetics Core  
  43  75:29  Probe  
  43  75:30  Probe x2  
  46  75:38  Probe  
  46  75:41  Probe  
  46  75:42  Probe  
  49  75:49  Probe  
  50  75:50  Probe  
  50  75:53  Probe  
  39  76:01  Probe  
  39  76:02  Probe  
  39  76:06  Probe  
  39  76:13  Probe  
  39  76:14  Probe  
  39  76:18  Probe  
  42  76:20  Pylon  
  42  76:23  Pylon  
  42  76:25  Probe  
  43  76:26  Pylon  
  43  76:29  Pylon, Stargate x2  
  43  76:30  Probe  
  43  76:31  Stargate  
  44  76:33  Stargate  
  44  76:34  Stargate  
  44  76:37  Probe, Stargate  
  44  76:38  Stargate  
  45  76:42  Probe  
  46  76:54  Probe  
  47  77:06  Probe  
  48  77:18  Probe  
  47  77:27  Void Ray x3  
  47  77:28  Void Ray x4  
  65  77:40  Probe  
  66  77:52  Probe  
  67  78:04  Probe  
  68  78:10  Void Ray x4  
  84  78:16  Probe  
  81  78:28  Probe  
  81  78:34  Void Ray x3  
  82  78:41  Probe  
  92  78:53  Void Ray (Chrono Boost), Probe  
  92  78:54  Void Ray (Chrono Boost)  
  103  78:58  Void Ray (Chrono Boost)  
  101  79:05  Probe  
  90  79:56  Nexus  
  90  79:57  Assimilator  
  90  79:59  Assimilator  
  21  81:28  Void Ray  
  21  81:29  Void Ray x5  
  45  81:39  Probe  
  46  81:51  Probe  
  47  82:03  Probe  
  48  82:19  Probe  
  49  82:31  Probe  
  50  82:43  Probe  
  51  82:55  Probe  
  52  83:07  Probe  
  35  83:45  Void Ray  
  39  85:08  Void Ray  
  39  85:11  Void Ray  
  39  85:14  Void Ray  
  7  89:51  Observer  
Show
View Real Time Build Order
Export as new Build Order

tigro Terran 

Build Orders:  

Get SALT Encoding   

  12  0:02  SCV  
  13  0:14  SCV  
  14  0:21  Supply Depot  
  14  0:27  Refinery  
  14  0:33  SCV  
  15  0:45  SCV  
  16  0:55  Barracks  
  16  0:57  SCV  
  17  1:09  SCV  
  18  1:18  Supply Depot  
  18  1:30  Refinery  
  18  1:44  Marine  
  19  1:54  Barracks  
  19  2:02  Marine  
  19  2:07  Engineering Bay  
  20  2:15  SCV  
  20  2:20  Marine  
  22  2:28  SCV  
  23  2:37  Marine  
  23  2:40  SCV  
  25  2:45  Barracks Tech Lab  
  25  2:46  Supply Depot  
  25  2:52  SCV  
  25  2:55  Marine  
  27  3:03  Factory  
  27  3:04  SCV  
  28  3:25  Orbital Command  
  28  3:43  Missile Turret  
  28  3:48  Barracks Tech Lab  
  28  3:50  Marauder  
  30  4:05  Combat Shield  
  30  4:11  Marauder, Factory Tech Lab  
  32  4:27  Armory  
  32  4:33  Marauder  
  34  4:48  Missile Turret  
  34  4:54  Marauder  
  34  4:56  Terran Infantry Weapons Level 1  
  36  5:08  Stimpack  
  36  5:19  Starport  
  36  5:24  Concussive Shells  
  36  5:54  Command Center  
  36  5:58  Medivac  
  36  6:00  Missile Turret  
  38  6:34  Missile Turret  
  38  6:50  Terran Infantry Armor Level 1  
  38  6:54  Starport Tech Lab  
  38  7:00  Fusion Core  
  38  7:07  Missile Turret  
  38  7:16  Planetary Fortress  
  38  7:51  Missile Turret  
  38  7:56  Missile Turret  
  38  8:44  Neosteel Armor  
  38  8:45  Missile Turret  
  38  9:13  Factory  
  38  9:38  Command Center  
  38  9:46  SCV  
  39  9:55  Terran Vehicle Weapons Level 1  
  39  9:58  Starport, Weapon Refit, SCV  
  40  10:24  Supply Depot, Terran Infantry Weapons Level 2  
  40  10:40  Marine  
  41  10:43  Marauder  
  41  10:47  Factory Tech Lab  
  41  10:49  Command Center  
  43  10:50  Starport Tech Lab  
  43  10:56  Planetary Fortress  
  43  10:58  Marine  
  43  11:04  Missile Turret  
  44  11:05  Marauder  
  46  11:16  Marine  
  47  11:26  Marauder  
  49  11:33  Marine  
  50  11:41  Missile Turret, SCV  
  50  11:43  Command Center  
  51  11:47  Marauder  
  51  11:49  Terran Vehicle And Ship Armor Level 1  
  51  11:51  Marine  
  51  11:53  SCV  
  55  12:04  Planetary Fortress  
  55  12:05  SCV  
  56  12:09  Marauder  
  58  12:16  Battlecruiser  
  58  12:17  SCV  
  58  12:20  Missile Turret  
  66  12:30  SCV  
  66  12:40  Terran Infantry Armor Level 2  
  66  12:43  Refinery  
  66  12:47  Refinery  
  66  12:59  Missile Turret  
  66  13:13  Missile Turret  
  66  13:29  Command Center  
  66  13:36  Missile Turret  
  66  13:43  Terran Ship Weapons Level 1  
  66  13:56  Missile Turret  
  66  13:57  Missile Turret  
  66  14:02  Rapid Reignition System  
  66  14:15  SCV  
  67  14:27  SCV  
  68  14:39  SCV  
  68  14:45  Missile Turret  
  69  14:46  Planetary Fortress  
  69  14:51  SCV  
  70  14:56  Hi-Sec Auto Tracking  
  70  14:58  Advanced Ballistics, Missile Turret  
  70  15:04  Missile Turret, SCV  
  71  15:18  Missile Turret  
  71  15:24  Missile Turret  
  71  15:32  Planetary Fortress  
  71  15:37  Terran Vehicle Weapons Level 2  
  71  15:41  Supply Depot  
  71  15:44  Missile Turret  
  71  15:46  Battlecruiser  
  77  15:53  Terran Infantry Weapons Level 3  
  77  16:09  Missile Turret  
  77  16:34  Supply Depot  
  77  16:35  Raven, Missile Turret  
  79  16:51  Battlecruiser  
  85  16:58  Missile Turret  
  85  17:15  Missile Turret  
  85  17:18  Raven  
  87  17:52  Terran Vehicle And Ship Armor Level 2  
  87  18:01  Battlecruiser  
  93  18:06  Siege Tank  
  93  18:12  Command Center  
  96  18:32  Missile Turret  
  96  18:38  Siege Tank  
  99  18:53  Command Center  
  99  19:11  Battlecruiser  
  99  19:16  Missile Turret  
  105  19:27  Planetary Fortress  
  105  19:31  Missile Turret  
  105  20:03  Missile Turret  
  105  20:08  Terran Ship Weapons Level 2  
  105  20:09  Planetary Fortress  
  105  20:12  Missile Turret  
  105  20:16  Battlecruiser, Missile Turret  
  111  20:36  Missile Turret  
  111  21:03  Missile Turret  
  111  21:08  Missile Turret  
  111  21:19  Missile Turret  
  111  21:20  Battlecruiser  
  117  21:45  Missile Turret  
  117  21:56  Missile Turret  
  117  22:11  Supply Depot  
  117  22:16  Missile Turret  
  117  22:44  Missile Turret  
  117  22:45  Missile Turret  
  117  23:02  Missile Turret  
  117  23:04  Battlecruiser  
  123  23:09  Battlecruiser  
  129  23:31  Command Center  
  129  23:43  Terran Infantry Armor Level 3  
  129  24:09  Battlecruiser  
  135  24:13  Battlecruiser  
  135  24:15  Terran Vehicle Weapons Level 3  
  141  24:21  Corvid Reactor  
  141  24:25  Hyperflight Rotors  
  141  24:45  Missile Turret x2  
  141  24:53  Missile Turret  
  141  25:04  Planetary Fortress  
  141  25:12  Missile Turret  
  141  25:15  Missile Turret  
  141  25:17  Battlecruiser  
  147  25:42  Missile Turret  
  147  26:06  Missile Turret x2  
  147  26:14  Battlecruiser  
  153  26:22  Missile Turret  
  153  26:25  Battlecruiser  
  159  26:53  Terran Vehicle And Ship Armor Level 3  
  159  26:54  Missile Turret  
  159  27:19  Battlecruiser  
  165  27:29  Battlecruiser  
  171  27:36  Command Center  
  171  27:55  Command Center  
  171  28:05  SCV  
  172  28:17  SCV  
  173  28:26  Supply Depot  
  173  28:29  SCV  
  174  28:46  Battlecruiser  
  180  28:50  Battlecruiser, Missile Turret  
  186  28:56  Planetary Fortress  
  186  29:11  Barracks, Planetary Fortress  
  186  29:30  Terran Ship Weapons Level 3  
  186  30:01  Missile Turret  
  186  30:06  Battlecruiser  
  192  30:11  Battlecruiser  
  198  30:31  Barracks Tech Lab  
  198  31:33  Missile Turret  
  198  31:52  Missile Turret  
  198  31:53  Missile Turret  
  198  32:02  Missile Turret  
  166  34:27  Battlecruiser  
  166  34:29  Battlecruiser  
  172  35:31  Battlecruiser  
  172  35:33  Battlecruiser  
  184  36:36  Battlecruiser  
  184  36:38  Battlecruiser  
  196  37:00  Missile Turret  
  196  37:26  Missile Turret  
  196  37:39  Missile Turret  
  196  37:53  Missile Turret  
  196  37:58  Missile Turret  
  196  38:18  Missile Turret  
  196  38:22  Missile Turret  
  196  38:23  Missile Turret  
  196  39:18  Missile Turret  
  196  39:40  Command Center  
  196  39:46  Missile Turret  
  196  40:39  Command Center  
  196  40:44  Missile Turret  
  196  41:08  Missile Turret  
  196  41:10  Planetary Fortress  
  196  41:28  Missile Turret  
  196  41:38  Missile Turret  
  196  41:53  Missile Turret  
  196  41:56  Planetary Fortress  
  196  42:04  Engineering Bay  
  116  44:24  Battlecruiser  
  117  44:27  Battlecruiser  
  117  45:28  Battlecruiser  
  123  45:31  Battlecruiser  
  129  45:38  Starport  
  129  46:23  Starport Tech Lab  
  129  46:28  Missile Turret  
  129  46:32  Battlecruiser  
  135  46:33  Missile Turret  
  135  46:35  Battlecruiser  
  141  46:54  Missile Turret  
  141  47:15  Command Center  
  141  47:20  Command Center  
  141  47:23  Battlecruiser  
  141  47:28  Missile Turret  
  147  47:36  Battlecruiser  
  153  47:40  Battlecruiser  
  150  48:27  Battlecruiser  
  132  48:41  Battlecruiser  
  132  48:44  Battlecruiser  
  138  49:02  Planetary Fortress  
  138  49:13  Planetary Fortress  
  138  49:17  Missile Turret  
  138  49:31  Battlecruiser  
  144  49:42  Missile Turret  
  144  49:45  Battlecruiser  
  150  49:48  Battlecruiser  
  162  50:35  Battlecruiser  
  162  50:44  Missile Turret  
  162  50:49  Battlecruiser  
  168  50:52  Battlecruiser  
  174  51:05  Missile Turret  
  174  51:24  Missile Turret  
  180  51:40  Battlecruiser  
  180  51:41  Missile Turret  
  180  51:53  Battlecruiser  
  186  51:55  Missile Turret  
  186  52:05  Missile Turret  
  186  52:13  Missile Turret  
  186  52:27  Battlecruiser  
  198  52:44  Battlecruiser  
  198  52:56  Missile Turret  
  192  53:31  Battlecruiser  
  186  53:48  Battlecruiser  
  162  55:14  Battlecruiser  
  162  55:17  Battlecruiser  
  174  55:22  Battlecruiser  
  180  55:40  Missile Turret  
  180  55:53  Missile Turret  
  180  56:18  Battlecruiser  
  180  56:21  Battlecruiser  
  192  56:27  Battlecruiser  
  198  56:37  Missile Turret  
  192  57:23  Battlecruiser  
  179  58:19  Battlecruiser  
  191  58:27  Battlecruiser  
  191  59:19  Missile Turret  
  191  59:23  Battlecruiser  
  197  59:27  Missile Turret  
  197  59:49  Missile Turret  
  197  60:15  Fusion Core  
  197  62:04  Missile Turret  
  197  62:38  Missile Turret  
  197  63:56  Command Center  
  197  65:12  Planetary Fortress  
  197  65:21  Missile Turret  
  197  66:07  Missile Turret  
  173  70:26  Battlecruiser  
  179  70:31  Battlecruiser  
  179  70:34  Battlecruiser  
  191  71:31  Battlecruiser  
  197  72:43  Missile Turret  
  197  73:06  Command Center  
  197  73:18  Missile Turret  
  197  73:26  Missile Turret  
  197  73:50  Command Center  
  197  74:16  Command Center  
  197  74:22  Missile Turret  
  185  76:08  Planetary Fortress  
  185  76:10  Planetary Fortress  
  185  76:12  Planetary Fortress  
  185  76:21  Missile Turret  
  185  76:25  Missile Turret  
  185  76:34  Missile Turret  
  185  77:08  Battlecruiser  
  191  77:15  Battlecruiser  
  197  77:56  Command Center  
  197  78:10  Missile Turret  
  197  78:19  Missile Turret  
  177  82:02  Planetary Fortress  
  177  82:16  Missile Turret  
  177  82:19  SCV  
  178  82:26  Refinery  
  178  82:31  SCV  
  178  82:33  Missile Turret  
  179  82:43  SCV  
  180  82:45  Starport  
  180  82:55  SCV  
  181  83:06  Battlecruiser  
  181  83:07  SCV  
  181  83:08  Battlecruiser  
  194  83:19  SCV  
  195  83:31  SCV  
  196  83:43  SCV  
  197  83:49  Missile Turret  
  161  88:27  Battlecruiser  
  167  88:33  Battlecruiser  
  173  88:35  Battlecruiser  
  179  89:31  Battlecruiser  
  185  89:37  Battlecruiser  
Show
View Real Time Build Order
Export as new Build Order

TATORREA Protoss 

Build Orders:  

Get SALT Encoding   

  12  0:02  Probe (Chrono Boost)  
  13  0:14  Probe (Chrono Boost)  
  14  0:30  Pylon  
  14  0:34  Probe  
  15  0:37  Assimilator  
  15  0:42  Assimilator  
  15  0:48  Probe  
  16  1:05  Gateway  
  16  1:06  Forge  
  16  1:11  Probe (Chrono Boost)  
  17  1:23  Probe (Chrono Boost)  
  18  1:32  Probe (Chrono Boost)  
  19  1:50  Probe  
  20  2:04  Cybernetics Core  
  20  2:06  Pylon  
  20  2:12  Pylon  
  20  2:16  Pylon  
  20  2:19  Pylon, Probe (Chrono Boost)  
  21  2:25  Pylon  
  21  2:26  Zealot  
  23  2:53  Zealot  
  25  3:00  Probe  
  26  3:09  Warp Gate (Chrono Boost)  
  26  3:14  Stargate  
  26  3:20  Stalker  
  28  3:32  Probe  
  29  3:50  Sentry  
  31  4:15  Probe  
  31  4:16  Stalker  
  34  4:27  Fleet Beacon  
  34  4:40  Nexus  
  34  4:46  Assimilator  
  34  4:50  Assimilator  
  34  4:54  Pylon  
  34  4:56  Pylon  
  34  5:00  Pylon  
  34  5:07  Pylon  
  34  5:09  Stargate  
  34  5:12  Stargate  
  34  5:32  Photon Cannon  
  34  5:33  Photon Cannon  
  34  5:35  Photon Cannon  
  34  5:38  Photon Cannon  
  34  5:41  Photon Cannon  
  34  5:43  Probe  
  35  5:55  Stalker, Probe  
  38  6:07  Void Ray, Probe  
  43  6:19  Probe  
  44  6:28  Probe  
  44  6:31  Probe  
  46  6:40  Probe  
  47  6:52  Probe  
  48  7:04  Probe  
  49  7:10  Void Ray  
  49  7:11  Void Ray x2  
  61  7:16  Probe  
  58  9:00  Stalker  
  60  9:04  Carrier x2  
  72  9:13  Probe (Chrono Boost)  
  74  9:24  Probe (Chrono Boost)  
  74  9:29  Probe (Chrono Boost)  
  65  9:58  Void Ray (Chrono Boost)  
  55  10:10  Stalker  
  67  10:14  Tempest (Chrono Boost)  
  67  10:15  Tempest (Chrono Boost)  
  67  10:25  Protoss Ground Weapons Level 1  
  67  10:32  Tempest (Chrono Boost)  
  67  10:36  Protoss Air Weapons Level 1  
  67  10:40  Probe (Chrono Boost)  
  71  10:52  Probe (Chrono Boost)  
  71  10:57  Probe (Chrono Boost)  
  73  11:07  Probe  
  73  11:11  Anion Pulse-Crystals  
  74  11:19  Probe  
  74  11:23  Tempest  
  74  11:24  Tempest  
  79  12:15  Unknown  
  74  13:44  Tempest x2  
  74  13:45  Tempest  
  89  14:27  Void Ray, Tempest x2  
  89  15:10  Void Ray x3  
  83  15:53  Carrier x2  
  66  16:31  Void Ray  
  66  16:40  Stalker  
  60  16:57  Void Ray x2  
  68  17:02  Gateway  
  68  17:03  Gateway  
  68  17:05  Gateway  
  68  17:06  Gateway  
  68  17:14  Tempest  
  73  17:18  Probe (Chrono Boost)  
  74  17:23  Probe  
  75  17:39  Robotics Facility  
  75  17:40  Tempest x2  
  75  17:41  Robotics Facility  
  75  17:43  Robotics Facility  
  85  17:53  Pylon  
  85  17:56  Pylon  
  85  17:57  Carrier  
  91  17:59  Pylon  
  91  18:04  Pylon  
  91  18:08  Pylon  
  91  18:12  Pylon  
  91  18:16  Pylon  
  91  18:21  Pylon  
  91  18:23  Void Ray x2  
  99  18:35  Zealot  
  99  18:37  Zealot  
  99  18:38  Zealot  
  99  18:39  Zealot  
  99  18:40  Zealot  
  109  18:57  Zealot  
  109  18:59  Zealot  
  109  19:00  Zealot  
  109  19:01  Void Ray, Zealot  
  121  19:02  Zealot  
  121  19:05  Tempest  
  121  19:06  Tempest  
  133  19:20  Zealot  
  133  19:21  Zealot  
  133  19:22  Zealot  
  133  19:24  Zealot  
  141  19:25  Zealot  
  143  19:44  Tempest  
  49  21:06  Void Ray x3  
  61  21:17  Zealot  
  61  21:18  Zealot x2  
  65  21:19  Zealot  
  65  21:20  Zealot  
  71  21:41  Photon Cannon  
  71  21:43  Photon Cannon  
  71  21:44  Photon Cannon  
  71  21:46  Photon Cannon  
  71  21:49  Tempest x3, Photon Cannon  
  71  21:52  Photon Cannon  
  86  21:54  Photon Cannon  
  86  21:56  Photon Cannon  
  86  21:59  Photon Cannon  
  86  22:01  Zealot  
  88  22:02  Photon Cannon  
  88  22:03  Photon Cannon  
  88  22:04  Zealot  
  88  22:05  Photon Cannon  
  88  22:06  Zealot x2  
  88  22:07  Zealot  
  96  22:08  Photon Cannon  
  96  22:10  Photon Cannon  
  96  22:15  Photon Cannon  
  96  22:18  Photon Cannon  
  96  22:19  Photon Cannon  
  96  22:21  Photon Cannon  
  96  22:23  Photon Cannon  
  96  22:32  Carrier x3  
  96  22:36  Zealot  
  116  22:37  Zealot  
  116  22:38  Zealot  
  116  22:39  Zealot  
  116  22:40  Zealot  
  104  23:21  Stalker  
  104  23:22  Stalker  
  104  23:23  Stalker  
  104  23:24  Stalker  
  104  23:25  Stalker  
  114  23:36  Void Ray  
  118  23:44  Protoss Ground Armor Level 1  
  118  23:59  Protoss Air Weapons Level 2, Shield Battery  
  118  24:07  Robotics Bay  
  118  24:14  Pylon  
  118  24:18  Pylon  
  118  24:22  Pylon  
  118  24:27  Pylon  
  118  24:30  Pylon  
  118  24:34  Pylon  
  118  24:37  Stalker  
  120  24:39  Stalker, Pylon  
  120  24:40  Stalker  
  120  24:41  Stalker  
  120  24:42  Stalker  
  128  24:50  Carrier  
  128  24:51  Void Ray x2  
  142  25:30  Photon Cannon  
  142  25:33  Void Ray, Photon Cannon  
  142  25:34  Tempest  
  151  25:36  Photon Cannon  
  151  25:39  Photon Cannon  
  151  25:43  Photon Cannon  
  151  25:46  Photon Cannon  
  151  25:50  Photon Cannon  
  151  25:52  Protoss Shields Level 1  
  151  25:53  Photon Cannon  
  151  25:54  Carrier  
  157  25:57  Photon Cannon  
  157  26:00  Photon Cannon  
  157  26:03  Photon Cannon  
  157  26:05  Photon Cannon  
  157  26:08  Photon Cannon  
  157  26:12  Photon Cannon  
  157  26:16  Stalker, Void Ray, Photon Cannon  
  163  26:18  Stalker  
  163  26:19  Photon Cannon  
  163  26:20  Stalker  
  163  26:21  Stalker  
  163  26:22  Stalker, Photon Cannon  
  163  26:24  Photon Cannon  
  171  26:27  Photon Cannon  
  171  26:29  Protoss Air Armor Level 1, Photon Cannon  
  171  26:31  Photon Cannon  
  171  26:34  Photon Cannon, Gravitic Boosters  
  171  26:38  Photon Cannon  
  171  26:40  Photon Cannon  
  171  26:50  Twilight Council  
  171  27:31  Gravitic Drive  
  171  27:43  Stalker  
  167  27:44  Stalker  
  167  27:45  Stalker  
  167  27:46  Stalker  
  167  27:47  Stalker  
  136  28:06  Nexus  
  132  28:28  Extended Thermal Lance  
  132  28:30  Void Ray x3  
  139  29:12  Void Ray  
  139  29:13  Void Ray x2  
  132  29:33  Stalker  
  132  29:34  Stalker  
  132  29:36  Stalker x2  
  132  29:37  Stalker  
  103  29:55  Void Ray  
  55  30:26  Void Ray x2  
  61  30:46  Stalker  
  61  30:47  Stalker  
  61  30:48  Stalker  
  61  30:49  Stalker  
  69  30:51  Stalker  
  71  30:58  Probe  
  72  31:10  Probe  
  73  31:13  Fleet Beacon  
  73  31:15  Pylon  
  73  31:19  Pylon  
  73  31:22  Pylon, Probe  
  74  31:32  Photon Cannon  
  74  31:34  Photon Cannon  
  74  31:35  Probe  
  74  31:38  Photon Cannon  
  75  31:40  Photon Cannon  
  75  31:45  Photon Cannon  
  76  31:47  Probe  
  76  31:48  Photon Cannon  
  76  31:51  Photon Cannon  
  76  31:55  Photon Cannon  
  76  31:58  Photon Cannon  
  76  32:01  Stalker x2  
  78  32:02  Stalker  
  78  32:03  Stalker  
  78  32:04  Stalker  
  78  32:05  Pylon  
  78  32:06  Pylon  
  86  32:10  Pylon  
  86  32:14  Pylon  
  86  32:19  Void Ray x3  
  98  32:33  Zealot x2  
  98  32:34  Zealot  
  98  32:35  Zealot  
  98  32:36  Zealot  
  84  33:02  Tempest  
  87  33:15  Probe (Chrono Boost)  
  88  33:26  Probe (Chrono Boost)  
  89  33:31  Probe (Chrono Boost)  
  89  33:34  Stalker  
  92  33:35  Stalker x2  
  92  33:36  Stalker  
  92  33:37  Stalker  
  100  33:54  Gateway  
  100  33:57  Gateway  
  100  34:03  Gateway  
  100  34:05  Gateway  
  100  34:08  Gateway  
  100  34:11  Gateway  
  100  34:13  Gateway  
  100  35:33  Tempest, Carrier  
  100  35:34  Void Ray  
  113  35:56  Stalker  
  113  35:57  Stalker x2  
  115  36:00  Stalker  
  115  36:02  Stalker x2  
  115  36:03  Stalker  
  119  36:04  Stalker  
  117  36:16  Carrier  
  117  36:17  Tempest  
  116  36:36  Stalker  
  116  36:37  Stalker, Void Ray  
  116  36:38  Stalker  
  116  36:39  Stalker  
  128  36:40  Stalker x2  
  128  36:41  Stalker  
  128  36:42  Stalker  
  128  36:43  Stalker  
  138  36:51  Zealot  
  138  36:52  Zealot  
  138  36:53  Zealot  
  144  37:00  Carrier  
  150  37:20  Void Ray, Tempest  
  159  38:06  Zealot  
  159  38:07  Zealot x2  
  159  38:08  Zealot  
  159  38:09  Zealot  
  159  38:10  Zealot  
  159  38:11  Zealot x2  
  175  38:13  Zealot  
  175  38:15  Zealot x2  
  175  38:16  Zealot  
  183  38:43  Pylon  
  183  38:51  Photon Cannon  
  183  38:54  Photon Cannon  
  183  38:55  Photon Cannon  
  183  38:56  Photon Cannon  
  183  39:03  Pylon  
  183  39:05  Pylon  
  183  39:07  Pylon  
  183  39:10  Pylon  
  183  39:15  Pylon  
  183  39:17  Photon Cannon  
  183  39:20  Photon Cannon  
  183  39:23  Photon Cannon  
  183  39:25  Photon Cannon  
  183  39:30  Photon Cannon  
  182  39:39  Probe (Chrono Boost)  
  183  39:51  Probe (Chrono Boost)  
  184  39:59  Stalker  
  186  40:00  Stalker  
  186  40:01  Stalker  
  186  40:02  Stalker  
  186  40:03  Stalker  
  186  40:04  Stalker  
  186  40:05  Stalker  
  186  40:07  Stalker  
  184  40:49  Zealot  
  186  40:50  Zealot  
  186  40:51  Zealot  
  186  40:52  Zealot x2  
  186  40:53  Zealot  
  186  40:54  Zealot  
  186  40:55  Zealot  
  184  41:20  Tempest, Carrier  
  184  41:21  Void Ray  
  41  43:41  Stalker  
  41  43:42  Stalker  
  41  43:43  Stalker  
  41  43:44  Stalker  
  41  43:45  Stalker  
  23  44:08  Zealot  
  25  44:10  Zealot  
  25  44:11  Zealot  
  25  44:12  Zealot  
  31  44:26  Pylon  
  31  44:30  Gateway  
  31  44:35  Cybernetics Core  
  31  44:44  Forge  
  31  44:52  Fleet Beacon  
  31  44:58  Robotics Bay  
  31  45:08  Tempest x2  
  41  45:43  Pylon  
  41  45:46  Pylon  
  41  45:49  Pylon  
  41  45:51  Tempest x2  
  41  45:52  Pylon  
  41  46:29  Stargate  
  41  46:31  Stargate  
  41  46:34  Stargate  
  41  46:36  Stargate  
  41  46:39  Stargate  
  51  46:47  Gateway  
  51  46:51  Gateway  
  51  46:53  Gateway  
  36  46:57  Gateway  
  36  46:58  Gateway  
  36  47:01  Gateway  
  31  47:16  Stalker  
  33  47:48  Void Ray, Tempest  
  33  47:51  Void Ray, Carrier  
  48  47:52  Tempest  
  57  48:31  Void Ray, Carrier  
  67  48:34  Tempest  
  67  48:35  Carrier  
  67  48:36  Zealot  
  67  48:37  Zealot  
  73  48:54  Void Ray  
  73  48:55  Zealot  
  79  48:56  Zealot  
  79  48:57  Zealot  
  79  48:58  Zealot  
  79  48:59  Zealot  
  79  49:00  Zealot  
  79  49:01  Zealot  
  91  49:14  Tempest  
  96  49:17  Carrier  
  102  49:35  Void Ray  
  102  49:37  Void Ray  
  110  49:39  Tempest  
  89  50:31  Photon Cannon x2  
  89  50:36  Photon Cannon x2  
  89  50:40  Photon Cannon  
  89  50:45  Photon Cannon  
  89  50:56  Photon Cannon  
  89  50:57  Photon Cannon  
  89  50:58  Photon Cannon  
  89  50:59  Photon Cannon  
  89  51:04  Photon Cannon  
  89  51:05  Photon Cannon  
  89  51:06  Photon Cannon  
  89  51:07  Void Ray, Tempest  
  89  51:09  Void Ray, Carrier  
  108  51:22  Zealot  
  110  51:26  Zealot  
  110  51:27  Zealot  
  110  51:28  Zealot  
  110  51:29  Zealot x2  
  110  51:31  Zealot  
  42  52:11  Void Ray  
  42  52:12  Tempest  
  51  52:23  Zealot  
  51  52:24  Zealot  
  51  52:25  Zealot  
  51  52:26  Zealot  
  51  52:27  Zealot  
  51  52:28  Zealot  
  51  53:09  Photon Cannon x2  
  51  53:11  Photon Cannon  
  51  53:12  Photon Cannon  
  51  53:13  Pylon  
  23  54:31  Pylon  
  23  54:36  Pylon  
  23  54:40  Pylon  
  23  54:43  Pylon  
  23  54:50  Stalker  
  23  54:51  Stalker x2  
  29  54:52  Stalker  
  29  54:53  Stalker  
  29  54:54  Stalker  
  35  55:05  Stargate  
  35  55:06  Stargate  
  35  55:12  Stargate  
  35  55:29  Photon Cannon  
  35  55:30  Photon Cannon  
  35  55:32  Photon Cannon  
  35  55:33  Photon Cannon  
  35  55:34  Photon Cannon  
  35  55:35  Photon Cannon  
  35  55:37  Photon Cannon  
  35  55:44  Photon Cannon  
  35  55:45  Photon Cannon  
  35  55:47  Photon Cannon  
  35  55:50  Photon Cannon  
  35  55:52  Photon Cannon  
  35  55:54  Photon Cannon  
  35  55:55  Photon Cannon  
  35  55:56  Photon Cannon  
  35  55:58  Photon Cannon  
  35  56:02  Photon Cannon  
  35  56:06  Photon Cannon  
  35  56:07  Photon Cannon  
  35  56:09  Photon Cannon  
  35  56:10  Photon Cannon  
  35  56:12  Photon Cannon  
  35  56:15  Photon Cannon  
  35  56:19  Photon Cannon x2  
  35  57:07  Mothership (Chrono Boost)  
  43  57:23  Protoss Air Weapons Level 3  
  43  59:06  Void Ray  
  43  59:07  Tempest  
  43  59:09  Carrier  
  58  59:33  Zealot  
  58  59:34  Zealot  
  58  59:35  Zealot  
  58  59:36  Zealot  
  58  59:37  Zealot  
  68  59:38  Zealot  
  70  59:49  Void Ray  
  50  60:17  Protoss Air Armor Level 2  
  38  60:55  Photon Cannon  
  37  61:02  Photon Cannon  
  37  61:06  Photon Cannon  
  37  61:07  Photon Cannon  
  37  61:12  Photon Cannon  
  37  61:13  Photon Cannon  
  37  61:15  Photon Cannon  
  37  61:17  Photon Cannon  
  37  61:19  Photon Cannon  
  37  61:25  Photon Cannon  
  37  61:51  Void Ray, Tempest  
  46  61:54  Tempest  
  51  62:36  Pylon  
  51  62:39  Stalker  
  51  62:41  Stalker  
  51  62:42  Stalker  
  51  62:43  Stalker  
  59  62:54  Probe (Chrono Boost)  
  61  63:05  Probe (Chrono Boost)  
  61  63:10  Probe (Chrono Boost)  
  62  63:20  Probe  
  63  63:47  Void Ray  
  63  63:48  Tempest  
  42  65:30  Void Ray, Tempest  
  42  65:31  Carrier  
  57  65:40  Probe (Chrono Boost)  
  58  66:13  Void Ray, Tempest  
  67  66:46  Protoss Air Armor Level 3  
  31  67:55  Void Ray, Tempest  
  31  67:56  Carrier  
  46  68:05  Zealot  
  48  68:06  Zealot  
  48  68:07  Zealot  
  48  68:08  Zealot  
  48  68:09  Zealot x2  
  49  69:08  Zealot  
  51  69:11  Zealot  
  51  69:12  Zealot  
  51  69:14  Zealot  
  51  69:15  Zealot  
  59  69:17  Zealot  
  61  70:32  Void Ray, Tempest, Carrier  
  76  71:02  Pylon  
  76  71:05  Pylon  
  76  71:08  Pylon  
  76  71:12  Pylon  
  76  71:15  Carrier  
  76  71:16  Pylon  
  82  71:19  Pylon  
  82  71:23  Pylon  
  82  71:27  Pylon  
  82  71:31  Pylon  
  82  71:34  Carrier  
  82  71:35  Pylon  
  82  71:38  Pylon  
  88  71:47  Zealot  
  88  71:49  Zealot  
  88  71:50  Zealot x2  
  88  71:51  Zealot  
  88  71:53  Zealot  
  100  72:20  Pylon  
  100  72:45  Photon Cannon  
  100  72:47  Photon Cannon  
  100  72:49  Photon Cannon  
  100  72:50  Photon Cannon  
  100  72:51  Photon Cannon  
  100  73:34  Tempest, Carrier  
  111  73:54  Stalker  
  113  73:55  Stalker  
  113  73:56  Stalker  
  113  73:57  Stalker  
  119  74:05  Zealot  
  121  74:10  Zealot  
    75:42  Probe  
  1  75:54  Probe (Chrono Boost)  
  3  76:05  Probe (Chrono Boost)  
  3  76:10  Probe (Chrono Boost)  
  4  76:20  Probe (Chrono Boost)  
  5  76:30  Probe (Chrono Boost)  
  6  76:38  Probe (Chrono Boost)  
  7  76:43  Probe (Chrono Boost)  
  8  76:52  Probe (Chrono Boost)  
  9  77:04  Probe (Chrono Boost)  
  10  77:13  Probe (Chrono Boost)  
  11  77:18  Probe (Chrono Boost)  
  13  77:30  Probe (Chrono Boost)  
  13  77:34  Assimilator  
  13  77:35  Probe (Chrono Boost)  
  14  77:45  Probe  
  15  77:57  Probe  
  16  78:16  Zealot  
  18  78:36  Zealot  
  18  78:37  Zealot  
  18  78:38  Zealot x2  
  18  78:40  Zealot  
  18  78:41  Zealot  
  30  78:52  Probe (Chrono Boost)  
  31  79:02  Probe (Chrono Boost)  
  32  79:07  Probe (Chrono Boost)  
  33  79:22  Zealot  
  33  79:23  Zealot  
  37  79:24  Zealot  
  37  79:26  Zealot  
  37  79:27  Zealot x2  
  45  79:59  Probe (Chrono Boost)  
  46  80:04  Probe (Chrono Boost)  
  47  80:13  Probe  
  48  81:08  Probe (Chrono Boost)  
  49  81:13  Nexus  
  49  81:32  Tempest  
  55  81:33  Void Ray, Carrier  
  64  81:56  Assimilator  
  64  82:02  Assimilator  
  64  82:11  Pylon  
  64  82:15  Tempest  
  64  82:16  Void Ray, Pylon  
  64  82:18  Pylon  
  73  82:26  Pylon  
  73  82:32  Pylon  
  73  82:36  Tempest  
  79  82:37  Probe (Chrono Boost)  
  79  82:48  Probe (Chrono Boost)  
  79  82:49  Pylon  
  77  83:19  Tempest  
  74  83:21  Carrier  
  63  83:54  Pylon  
  63  84:00  Carrier  
  69  84:30  Probe (Chrono Boost)  
  70  84:39  Tempest  
  70  84:43  Void Ray  
  47  85:32  Nexus  
Tags
 
Add a new tag
Caveats
  • Supply blocks, unpowered buildings, or Contaminate may cause inaccurate times.
  • Supply counts are checked every 10 seconds.